 Dungeon Crawl Stone Soup version 0.29-a0-344-ge2f44be95a (webtiles) character file.

Game seed: 3854683540176828931

4 Agony the Cutter (level 1, -1/14 HPs)
             Began as a Kobold Berserker on Apr 20, 2022.
             Was a Follower of Trog.
             Slain by an endoplasm (3 damage)
             ... on level 1 of the Dungeon.
             The game lasted 00:00:28 (147 turns).

Agony the Cutter (Kobold Berserker)                  Turns: 147, Time: 00:00:29

Health: -1/14      AC:  2    Str: 14    XL:     1   Next: 77%
Magic:  1/1        EV: 14    Int:  8    God:    Trog [*.....]
Gold:   13         SH:  0    Dex: 14    Spells: 0/0 levels left

rFire   . . .      SeeInvis .   a - +0 short sword
rCold   . . .      Faith    .   (no shield)
rNeg    . . .      Spirit   .   b - +0 animal skin
rPois   .          Reflect  .   (no helmet)
rElec   .          Harm     .   (no cloak)
rCorr   .          Rampage  .   (no gloves)
Will    .....                   (no boots)
Stlth   ++........              (no amulet)
HPRegen 0.04/turn               (no ring)
MPRegen 0.07/turn               (no ring)

@: no status effects
A: small, no large weapons, nightstalker 3
a: Renounce Religion, Berserk


You were on level 1 of the Dungeon.
You worshipped Trog.
Trog was aware of your devotion.
You visited 1 branch of the dungeon, and saw 2 of its levels.

You collected 13 gold pieces.

Inventory:

Hand Weapons
 a - a +0 short sword (weapon)
Armour
 b - a +0 animal skin (worn)
Potions
 c - a potion of might {unknown}


   Skills:
 + Level 3.4 Fighting
 + Level 4.1 Short Blades
 + Level 1.6 Armour
 + Level 2.5 Dodging


You couldn't memorise any spells.
You didn't know any spells.
Your spell library was empty.

Dungeon Overview and Level Annotations

Branches:
Dungeon (2/15)

Altars:


Innate Abilities, Weirdness & Mutations

You are small and have problems with some larger weapons.
You are completely attuned to the shadows.


Message History

The jackal misses you. The frilled lizard barely misses you.
The jackal bites you but does no damage.
You hit the jackal but do no damage.
The jackal is almost dead.
The jackal closely misses you. The jackal misses you.
The frilled lizard bites you.
You completely miss the jackal.
The jackal is almost dead.
The jackal bites you. The jackal misses you.
A rat comes into view.
The frilled lizard barely misses you. The jackal bites you.
The jackal bites you but does no damage.
The frilled lizard attacks as you move away!
The frilled lizard completely misses you.
The jackal attacks as you move away! The jackal misses you.
The frilled lizard attacks as you move away!
The frilled lizard closely misses you. The jackal closely misses you.
The frilled lizard attacks as you move away!
The frilled lizard barely misses you. The jackal attacks as you move away!
The jackal misses you.
The frilled lizard attacks as you move away!
The frilled lizard barely misses you. The jackal barely misses you.
The jackal attacks as you move away! The jackal bites you.
* * * LOW HITPOINT WARNING * * *
There is a stone staircase leading down here.
The jackal closely misses you. x2; The frilled lizard misses you.
The jackal bites you but does no damage.
You climb downwards.
There is a stone staircase leading up here.
The jackal misses you.
You climb upwards.
The endoplasm freezes you.
You are frozen.
* * * LOW HITPOINT WARNING * * *
There is a stone staircase leading down here.
The endoplasm attacks as you move away! The endoplasm misses you.
The endoplasm attacks as you move away! The endoplasm misses you.
The endoplasm jiggles.
The endoplasm attacks as you move away! The endoplasm hits you.
You die...

#...........#
#......†...# #.........
#..........###.........
#...........##.........
#.........#.#..........
..
.............g....####.r
.................[.....
....###J.......?.# #..
#@.#..####..# #.
#..#...# #.)#
...##.#........
.#.##.####......
#...##.# ....###


You could see an endoplasm and a hobgoblin.

Vanquished Creatures
  An endoplasm (D:1)
  A goblin (D:1)
  A hobgoblin (D:1)
  A ball python (D:1)
4 creatures vanquished.

Notes
Turn   | Place    | Note
-------+----------+-------------------------------------------
     0 | D:1      | Agony the Kobold Berserker began the quest for the Orb.
     0 | D:1      | Reached XP level 1. HP: 14/14 MP: 1/1
   147 | D:1      | Slain by an endoplasm

Illustrated notes

Levels and vault maps discovered:
D:1:      minmay_arrival_checkered_box, layout_rooms
D:2:      layout_basic, dreamdust_ecumenical_altar_drowned_temple

Action                   || total
-------------------------++-------
Melee: Short sword       ||    16
 Stab: Sleeping          ||     1
Armor: Animal skin       ||     5
Dodge: Dodged            ||    31

Table legend: (Time is in decaauts)
 A = Elapsed time spent in this place.
 B = Non-inter-level travel time spent in this place.
 C = Inter-level travel time spent in this place.
 D = Time resting spent in this place.
 E = Time spent auto-exploring this place.
 F = Levels seen in this place.
 G = Mean time per level.
                   A        B        C        D        E       F      G
               +--------+--------+--------+--------+--------+-----+--------+
         Total |    145 |    145 |      0 |     90 |     15 |   2 |   72.5 |
       Dungeon |    145 |    145 |      0 |     90 |     15 |   2 |   72.5 |
               +--------+--------+--------+--------+--------+-----+--------+

Top non-repeatable levels by time:
     D:1: 143 daAuts
     D:2: 1 daAuts
